 Dungeon Sprint DCSS version 0.19-a0-1834-g6b7851e (webtiles) character file.

252 poirepourri the Prestidigitator (level 5, -20/25 HPs)
             Began as a Spriggan Artificer on Oct 8, 2016.
             Killed themself with a badly aimed iceblast (29 damage)
             ... in the Dungeon (Sprint I: "Red Sonja").
             The game lasted 00:02:00 (237 turns).

poirepourri the Prestidigitator (Spriggan Artificer) Turns: 237, Time: 00:02:01

Health: -20/25     AC:  2    Str:  8    XL:     5   Next: 89%
Magic:  15/15      EV: 23    Int: 12    God:
Gold:   297        SH:  0    Dex: 18    Spells: 0 memorised, 4 levels left

rFire  . . .     SeeInvis +     a - +0 short sword
rCold  . . .     Gourm    .     b - +0 robe
rNeg   . . .     Faith    .     (shield restricted)
rPois  .         Spirit   .     (helmet restricted)
rElec  .         Dismiss  .     (no cloak)
rCorr  .         Reflect  .     (gloves unavailable)
MR     .....     Harm     .     (boots unavailable)
Stlth  ++........ NoTele   +    (no amulet)
                                (no ring)
                                (no ring)

@: very quick
A: unfitting armour, see invisible, herbivore 3, speed 3, slow metabolism 2
a: no special abilities


You were in the Dungeon.
You were not hungry.

You visited 1 branch You collected 297 gold pieces.

Inventory:

Hand Weapons
 a - a +0 short sword (weapon)
Armour
 b - a +0 robe (worn)
Wands
 c - a wand of flame (2/48)
 d - a wand of enslavement (14/24)
 e - a wand of random effects (14/48)
Scrolls
 l - a scroll of blinking
Potions
 g - a potion of curing
 h - a potion of heal wounds
 i - a potion of haste
 j - 2 potions of magic
 k - a potion of berserk rage
Comestibles
 f - a bread ration


   Skills:
 + Level 1.5 Fighting
 + Level 2.2 Short Blades
 + Level 7.5 Dodging
 + Level 2.6 Stealth
 + Level 13.9 Evocations


You had 4 spell levels left.
You didn't know any spells.

Dungeon Overview and Level Annotations

Branches:
Dungeon (1/1)

Altars:
Cheibriados
Dithmenos
Elyvilon
Fedhas
Hepliaklqana
Kikubaaqudgha
Okawaru
Qazlal
Ru
Sif Muna
Trog
Uskayaw
Vehumet
Yredelemnul
Zin
The Shining One

Shops:
D %


Innate Abilities, Weirdness & Mutations

You are very small and have problems with some larger weapons.
You are too small for most types of armour.
You have supernaturally acute eyesight. (SInv)
You are a herbivore.
You cover ground extremely quickly.
You need consume almost no food.


Message History

a scythe; a robe Unknown command.
You start resting.
The yak is no longer charmed.
The yak misses you.
A yak is nearby!
You barely miss the yak.
The yak is lightly wounded.
The yak gores you.
You barely miss the yak.
The yak is lightly wounded.
The yak closely misses you.
Evoke which item? (* to show all) (? for menu, Esc to quit)
Zapping:
e - a wand of random effects (14/48)
Press: ? - help, Shift-Dir - straight line, f/p - yak
Aim: a yak (lightly wounded)
The mass of ice explodes!
The iceblast engulfs the yak.
The yak is heavily wounded.
The iceblast engulfs you!
Ouch! That really hurt!
You die...

################
#<.#..'..#..'..#
#..'..#..'@Y#..+
#..#####'#####'#
#..# #..#...#(#
#..#__####..##)#
#).#_____##'#..+
#⌠⌠#_.∩...'..._#
####_..__##_.#'#
___ ##+#[# # ###


You could see a yak.

Vanquished Creatures
  Sigmund (D)
  An ogre (D)
  A jelly (D)
3 creatures vanquished.

Vanquished Creatures (others)
  Ijyb (D)
1 creature vanquished.

Grand Total: 4 creatures vanquished

Notes
Turn   | Place    | Note
-------+----------+-------------------------------------------
     0 | D        | poirepourri the Spriggan Artificer began the quest for the Orb.
     0 | D        | Reached XP level 1. HP: 9/9 MP: 4/4
     1 | D        | Noticed Ijyb
    45 | D        | Killed Ijyb
    45 | D        | Reached skill level 1 in Fighting
    45 | D        | Reached skill level 5 in Evocations
    69 | D        | Noticed an ogre
    83 | D        | Killed an ogre
    83 | D        | Reached skill level 5 in Dodging
    83 | D        | Reached skill level 10 in Evocations
    83 | D        | Reached XP level 2. HP: 14/14 MP: 6/9
    83 | D        | Reached XP level 3. HP: 18/18 MP: 6/10
    83 | D        | Reached XP level 4. HP: 22/22 MP: 7/12
   143 | D        | Noticed Sigmund
   145 | D        | Killed Sigmund
   145 | D        | Reached skill level 13 in Evocations
   145 | D        | Reached XP level 5. HP: 25/25 MP: 13/15
   172 | D        | Found a deep blue altar of Sif Muna.
   174 | D        | Found a radiant altar of Vehumet.
   202 | D        | Found Kecsausy's Food Emporium.
   202 | D        | Found an ancient bone altar of Kikubaaqudgha.
   202 | D        | Found a hazy altar of Hepliaklqana.
   202 | D        | Found a stormy altar of Qazlal.
   202 | D        | Found a hide-covered altar of Uskayaw.
   202 | D        | Found a blossoming altar of Fedhas.
   202 | D        | Found a bloodstained altar of Trog.
   202 | D        | Found an iron altar of Okawaru.
   202 | D        | Found a basalt altar of Yredelemnul.
   202 | D        | Found a glowing golden altar of the Shining One.
   202 | D        | Found a snail-covered altar of Cheibriados.
   202 | D        | Found a sacrificial altar of Ru.
   202 | D        | Found a glowing silver altar of Zin.
   202 | D        | Found a shadowy altar of Dithmenos.
   202 | D        | Found a white marble altar of Elyvilon.
   202 | D        | Noticed a yak
   237 | D        | Killed themself with a badly aimed iceblast

Vault maps used:
D:        dungeon_sprint_1

Skill      XL: |  1  2  3  4 |
---------------+-------------+-----
Fighting       | 1 |  1.5
Evocations     | 10 13 | 13.9
Dodging        | 5 7 |  7.5
Short Blades   | 2 |  2.2
Stealth        | 2 |  2.6

Action                   |  1- 3 |  4- 6 || total
-------------------------+-------+-------++-------
Melee: Short sword       |       |     2 ||     2
Evoke: Wand              |     8 |     7 ||    15
Dodge: Dodged            |     2 |     3 ||     5
